 Dungeon Crawl Stone Soup version 0.19.1 (webtiles) character file.

37 Dfrag the Firebug (level 3, 0/24 HPs)
             Began as a Demonspawn Fire Elementalist on Nov 29, 2016.
             Slain by a quokka (3 damage)
             ... on level 2 of the Dungeon.
             The game lasted 00:01:13 (949 turns).

Dfrag the Firebug (Demonspawn Fire Elementalist)     Turns: 949, Time: 00:01:14

Health: 0/24       AC:  3    Str:  8    XL:     3   Next: 21%
Magic:  1/7        EV: 14    Int: 17    God:
Gold:   46         SH:  0    Dex: 13    Spells: 1 memorised, 6 levels left

rFire  . . .     SeeInvis .     (no weapon)
rCold  . . .     Gourm    .     a - +0 robe
rNeg   . . .     Faith    .     (no shield)
rPois  .         Spirit   .     m - +0 helmet
rElec  .         Reflect  .     (no cloak)
rCorr  .         Harm     .     (no gloves)
MR     .....                    (no boots)
Stlth  +++.......               (no amulet)
                                (no ring)
                                (no ring)

@: no status effects
A: repulsion field 1, nightstalker 1
a: no special abilities


You were on level 2 of the Dungeon.
You were hungry.

You visited 1 branch of the dungeon, and saw 2 of its levels.

You collected 46 gold pieces.

Inventory:

Armour
 a - a +0 robe (worn)
 m - a +0 helmet (worn)
Scrolls
 e - a scroll of fog {unknown}
 f - 3 scrolls of random uselessness {unknown}
 g - a scroll of enchant armour {unknown}
 i - a scroll of teleportation {unknown}
 l - a scroll of enchant weapon {unknown}
Potions
 d - a potion of flight {unknown}
 h - a potion of mutation {unknown}
 k - a potion of degeneration {unknown}
Books
 b - a book of Flames

   Spells                             Type                      Level
   a - Flame Tongue                   Conjuration/Fire             1
   b - Throw Flame                    Conjuration/Fire             2
   c - Conjure Flame                  Conjuration/Fire             3
   d - Inner Flame                    Hexes/Fire                   3
   e - Sticky Flame                   Conjuration/Fire             4
   f - Fireball                       Conjuration/Fire             5
Comestibles
 c - 2 bread rations
 j - 2 fruits
 n - a chunk of flesh


   Skills:
 - Level 1.7 Dodging
 - Level 1.7 Stealth
 + Level 2.6 Spellcasting
 + Level 1.8 Conjurations
 + Level 3.1 Fire Magic


You had 6 spell levels left.
You knew the following spells:

 Your Spells              Type           Power        Failure   Level  Hunger
a - Flame Tongue          Conj/Fire      ##...        10%         1    #......


Dungeon Overview and Level Annotations

Branches:
Dungeon (2/15)

Altars:


Innate Abilities, Weirdness & Mutations

You are surrounded by a mild repulsion field. (EV +2)
You are slightly more attuned to the shadows.


Message History

Things that are here:
a club; a hobgoblin corpse You miss the quokka.
The quokka completely misses you.
You barely miss the quokka. The quokka bites you.
* * * LOW HITPOINT WARNING * * *
The quokka barely misses you.
You closely miss the quokka. The quokka barely misses you.
You are feeling hungry.
Casting: Flame Tongue
Confirm with . or Enter, or press ? or * to list all spells.
Aiming: Flame Tongue
Press: ? - help, Shift-Dir - straight line, f - quokka
Aim: a quokka The flame tongue misses the quokka.
The flame tongue hits the kobold.
You kill the kobold!
The quokka barely misses you.
Unknown command.
The quokka barely misses you. The quokka bites you.
You die...

#)# #.# #.#
#######.#
........#
#######.# #.#
#######r####
.......@...##
.#######.##..#.
.(.............
####...†...##
#####.###...#
#.....#≈#...#
######
#.###.###..##
.....# #†#
#......# ####.#
#÷# ###..#.#


You could see a quokka.

Vanquished Creatures
  A gnoll (D:1)
  2 dart slugs (D:1)
  2 giant cockroaches
  A goblin (D:1)
  5 hobgoblins
  2 jackals (D:2)
  2 kobolds
  A quokka (D:2)
  5 rats
21 creatures vanquished.

Notes
Turn   | Place    | Note
-------+----------+-------------------------------------------
     0 | D:1      | Dfrag the Demonspawn Fire Elementalist began the quest for the Orb.
     0 | D:1      | Reached XP level 1. HP: 13/13 MP: 3/3
   343 | D:1      | Gained mutation: You are slightly more attuned to the shadows. [demonic ancestry]
   343 | D:1      | Reached XP level 2. HP: 18/19 MP: 0/5
   658 | D:1      | Reached skill level 3 in Fire Magic
   879 | D:2      | Gained mutation: You are surrounded by a mild repulsion field. (EV +2) [demonic ancestry]
   879 | D:2      | Reached XP level 3. HP: 18/24 MP: 4/6
   949 | D:2      | Slain by a quokka

Skill      XL: |  1  2 |
---------------+-------+-----
Fire Magic     | 3 |  3.1
Dodging        | |  1.7
Stealth        | |  1.7
Spellcasting   | |  2.6
Conjurations   | |  1.8

Action                   || total
-------------------------++-------
Melee: Unarmed           ||    28
 Cast: Flame Tongue      ||    34
Armor: Robe              ||     5
Dodge: Dodged            ||    29
